 Dungeon Crawl Stone Soup version 0.28.0-45-g0d030f2227 (webtiles) character file.

Game seed: 16838400408492558369

221 Bruhh the Skirmisher (level 5, -1/53 HPs)
             Began as a Minotaur Fighter on Apr 23, 2022.
             Frozen to death by an endoplasm (5 damage)
             ... on level 3 of the Dungeon.
             The game lasted 00:02:29 (2339 turns).

Bruhh the Skirmisher (Minotaur Fighter)             Turns: 2339, Time: 00:02:30

Health: -1/53      AC:  6    Str: 22    XL:     5   Next: 65%
Magic:  4/4        EV:  9    Int:  5    God:
Gold:   184        SH:  4    Dex: 10    Spells: 4/4 levels left

rFire   . . .      SeeInvis .   a - +0 war axe
rCold   . . .      Faith    .   c - +0 buckler
rNeg    . . .      Spirit   .   b - +0 scale mail
rPois   .          Reflect  .   (helmet restricted)
rElec   .          Harm     .   (no cloak)
rCorr   .          Rampage  .   (no gloves)
Will    .....                   (no boots)
Stlth   ..........              (no amulet)
HPRegen 0.17/turn               (no ring)
MPRegen 0.09/turn               (no ring)

@: no status effects
A: horns 2, retaliatory headbutt
a: no special abilities


You were on level 3 of the Dungeon.
You visited 1 branch of the dungeon, and saw 3 of its levels.

You collected 184 gold pieces.

Inventory:

Hand Weapons
 a - a +0 war axe (weapon)
Armour
 b - a +0 scale mail (worn)
 c - a +0 buckler (worn)
Jewellery
 h - a ring of willpower
 l - a +6 ring of intelligence
Scrolls
 e - a scroll of teleportation {unknown}
 f - 4 scrolls of identify {unknown}
 g - a scroll of silence {unknown}
 i - a scroll of torment {unknown}
 o - a scroll of enchant weapon {unknown}
Potions
 d - 2 potions of might
 j - a potion of heal wounds {unknown}
 k - a potion of flight {unknown}
 m - a potion of magic {unknown}
 n - a potion of cancellation {unknown}


   Skills:
 + Level 7.8 Fighting
 - Level 2.4 Axes
 - Level 3.6 Armour
 - Level 3.6 Shields


You had 4 spell levels left.
You didn't know any spells.
Your spell library was empty.

Dungeon Overview and Level Annotations

Branches:
Dungeon (3/15)

Altars:
Qazlal
Trog
Xom


Innate Abilities, Weirdness & Mutations

You have a pair of horns on your head.
You reflexively headbutt those who attack you in melee.


Message History

The gnoll shouts!
You hear a shout!
The gnoll closely misses you.
An endoplasm comes into view.
The endoplasm quivers.
You barely miss the gnoll. Your headbutt misses the gnoll.
You block the gnoll's attack.
You hit the gnoll.
The gnoll is lightly wounded.
The gnoll hits you but does no damage.
The gnoll hits you from afar with a +0 halberd!
You closely miss the gnoll.
The gnoll is lightly wounded.
The gnoll barely misses you.
A gnoll comes into view. It is wielding a +0 flail.
The gnoll barely misses you.
The gnoll hits you from afar with a +0 halberd!
You barely miss the gnoll.
The gnoll is lightly wounded.
The gnoll barely misses you.
The gnoll hits you from afar with a +0 halberd.
The gnoll barely misses you.
You barely miss the gnoll.
The gnoll is lightly wounded.
You hit the endoplasm but do no damage. You block the gnoll's attack.
The gnoll closely misses you. The endoplasm freezes you.
You are frozen.
The gnoll hits you from afar with a +0 halberd!
* * * LOW HITPOINT WARNING * * *
The gnoll hits you from afar with a +0 spear.
* * * LOW HITPOINT WARNING * * *
The endoplasm hits you.
* * * LOW HITPOINT WARNING * * *
The gnoll hits you from afar with a +0 halberd!
* * * LOW HITPOINT WARNING * * *
The endoplasm jiggles.
There is a stone staircase leading up here.
The endoplasm freezes you.
You are frozen.
You die...

#g# #...#..##..............
#.####.###.......).............#
#............#..#...............
#..###..###..............##.#.#.
# #....g..#..............#.#.
###.###.g#.....##....##.#.#.
..##.....................#...#.
#............g.....##....##...#.
#.#########...J@.####....##...#.
).....................##...#. #.
########.###..####....##...#. #.#
#............# #...........
##.#########.##...####.#..##.....
.......................#.........
.................................
##...#..####..#...####.#..###..#.
.....................#.#..# #..#.


You could see 3 gnolls and an endoplasm.

Vanquished Creatures
  A water moccasin skeleton (D:3)
  Crazy Yiuf (D:2)
  Jessica (D:2)
  3 gnolls (D:2)
  2 adders
  2 worms (D:3)
  A dart slug (D:3)
  An orc (D:3)
  4 bats
  3 endoplasms (D:3)
  4 giant cockroaches
  4 goblins
  4 hobgoblins
  11 jackals
  2 quokkas (D:3)
  7 ball pythons
  5 frilled lizards
  4 kobolds
  7 rats
67 creatures vanquished.

Notes
Turn   | Place    | Note
-------+----------+-------------------------------------------
     0 | D:1      | Bruhh the Minotaur Fighter began the quest for the Orb.
     0 | D:1      | Reached XP level 1. HP: 19/19 MP: 0/0
    81 | D:1      | Reached skill level 4 in Fighting
   199 | D:1      | Reached XP level 2. HP: 22/28 MP: 1/1
   563 | D:1      | Reached skill level 5 in Fighting
   645 | D:2      | Noticed Crazy Yiuf
   645 | D:2      | Found a runed translucent door.
   661 | D:2      | Reached XP level 3. HP: 36/36 MP: 2/2
   681 | D:2      | Found a shimmering altar of Xom.
   972 | D:2      | Reached XP level 4. HP: 44/44 MP: 3/3
   992 | D:2      | Reached skill level 6 in Fighting
  1023 | D:2      | Noticed Jessica
  1027 | D:2      | Killed Jessica
  1237 | D:2      | You fall into a shaft and drop 1 floor!
  1392 | D:3      | Reached skill level 7 in Fighting
  1392 | D:3      | Reached XP level 5. HP: 45/52 MP: 4/4
  1682 | D:2      | Killed Crazy Yiuf
  2178 | D:3      | Found a bloodstained altar of Trog.
  2183 | D:3      | Found a stormy altar of Qazlal.
  2339 | D:3      | Frozen to death by an endoplasm

Illustrated notes

Levels and vault maps discovered:
D:1:      dpeg_arrival_tiny_e, layout_rooms, fountainhead
D:2:      layout_basic, basic_altar, uniq_jessica, uniq_crazy_yiuf_cottage
D:3:      layout_basic, grunt_temple_overflow_open,
          dreamdust_ecumenical_altar_hidden_monk_grotto, minmay_splitting_lines,
          minmay_pentangle

Skill      XL: |  1  2  3  4 |
---------------+-------------+-----
Fighting       | 4 5 7 |  7.8
Axes           | |  2.4
Armour         | |  3.6
Shields        | |  3.6

Action                   |  1- 3 |  4- 6 || total
-------------------------+-------+-------++-------
Melee: War axe           |    50 |    73 ||   123
       Headbutt          |     6 |     8 ||    14
Armor: Scale mail        |    18 |    29 ||    47
Dodge: Dodged            |    35 |    33 ||    68
Block: Buckler           |    10 |    13 ||    23
